 Dungeon Crawl Stone Soup version 0.27-a0-1158-gaa87e14f67 (webtiles) character file.

Game seed: 2959674937271949064

532 HoaS the Cruncher (level 7, -1/40 HPs)
             Began as a Gargoyle Gladiator on May 15, 2021.
             Slain by an orc warrior
             ... wielding a +0 battleaxe
              (5 damage)
             ... on level 4 of the Dungeon.
             The game lasted 00:08:12 (4746 turns).

HoaS the Cruncher (Gargoyle Gladiator)              Turns: 4746, Time: 00:08:13

Health: -1/40      AC: 15    Str: 19    XL:     7   Next: 24%
Magic:  0/7        EV:  5    Int:  9    God:
Gold:   223        SH:  0    Dex: 11    Spells: 6/6 levels left

rFire    . . .     SeeInvis .   a - +0 quarterstaff
rCold    + . .     Faith    .   (shield currently unavailable)
rNeg     + . .     Spirit   +   m - +0 plate armour
rPois    ∞         Reflect  .   c - +0 helmet
rElec    +         Harm     .   (no cloak)
rCorr    .         Rampage  .   (no gloves)
Will     .....                  (no boots)
Stlth    ..........             k - amulet of guardian spirit
HPRegen  0.13/turn              b - ring of protection from cold
MPRegen  0.10/turn              (no ring)

@: no status effects
A: sickness immunity, AC +4, negative energy resistance 1, electricity
resistance, torment resistance 1, petrification resistance
a: no special abilities


You were on level 4 of the Dungeon.
You visited 1 branch of the dungeon, and saw 4 of its levels.

You collected 223 gold pieces.

Inventory:

Hand Weapons
 a - a +0 quarterstaff (weapon)
Missiles
 d - a throwing net (quivered)
 e - 61 arrows
 o - 30 bolts
Armour
 c - a +0 helmet (worn)
 m - a +0 plate armour (worn)
Jewellery
 b - a ring of protection from cold (left hand)
 k - an amulet of guardian spirit (around neck)
 r - a ring of ice
Wands
 n - a wand of mindburst (7)
Scrolls
 p - a scroll of teleportation
Potions
 f - a potion of might {unknown}
 g - a potion of curing {unknown}
 h - 4 potions of flight {unknown}
 i - a potion of heal wounds {unknown}
 j - a potion of brilliance {unknown}
 l - 2 potions of mutation {unknown}
 q - 2 potions of attraction {unknown}


   Skills:
 - Level 2.1 Fighting
 * Level 8.1 Staves
 - Level 1.7 Throwing
 - Level 2.4 Dodging


You had 6 spell levels left.
You didn't know any spells.
Your spell library contained the following spells:

 Spells                   Type           Power      Damage    Failure   Level
 Magic Dart               Conj           0%         1d3       100%        1
 Blink                    Tloc           N/A        N/A       100%        2
 Call Imp                 Summ           0%         N/A       100%        2
 Corpse Rot               Necr/Air       N/A        N/A       100%        2
 Slow                     Hex            0%         N/A       100%        2
 Conjure Flame            Conj/Fire      0%         6-21      100%        3
 Mephitic Cloud           Conj/Pois/Air  0%         N/A       100%        3
 Dispel Undead            Necr           0%         3d6       100%        4
 Agony                    Necr           0%         N/A       100%        5
 Excruciating Wounds      Necr           0%         N/A       100%        5
 Sublimation of Blood     Necr           Unusable   N/A       N/A         2

Dungeon Overview and Level Annotations

Branches:
Dungeon (4/15)
 Temple: D:4-7

Altars:
Trog


Innate Abilities, Weirdness & Mutations

You are immune to sickness and miasma.
Your stone body is resilient. (AC +4)
You are immune to poison.
You resist negative energy. (rN+)
You are resistant to electric shocks. (rElec)
You are resistant to unholy torment.
You are immune to petrification.


Message History

The orc warrior is lightly wounded.
The orc warrior hits you but does no damage.
You are too injured to fight recklessly!
Throw: 2 throwing nets
Press: ? - help, Shift-Dir - straight line, f - orc warrior
Aim: an orc warrior, wielding a +0 battleaxe and wearing a +0 chain mail (lightly wounded, 52% to hit)
You throw a throwing net. The throwing net hits the orc warrior.
The orc warrior is caught in the net!
The orc warrior is lightly wounded.
The orc warrior struggles against the net.
You sock the orc warrior!
The orc warrior is heavily wounded.
The orc warrior struggles against the net.
You hit the orc warrior.
The orc warrior is heavily wounded.
The orc warrior struggles against the net.
You hit the orc warrior.
The orc warrior is severely wounded.
The orc warrior struggles against the net.
You hit the orc warrior but do no damage.
The orc warrior is severely wounded.
You hit the orc warrior but do no damage.
The orc warrior is severely wounded.
The orc warrior struggles against the net.
The net rips apart, and the orc warrior comes free!
You hit the orc warrior.
The orc warrior is almost dead.
The orc warrior hits you with a +0 battleaxe!
You closely miss the orc warrior.
The orc warrior is almost dead.
The orc warrior hits you with a +0 battleaxe.
* * * LOW HITPOINT WARNING * * *
You closely miss the orc warrior.
The orc warrior is almost dead.
The orc warrior hits you with a +0 battleaxe.
* * * LOW HITPOINT WARNING * * *
Your plate armour prevents you from hitting the orc warrior.
The orc warrior is almost dead.
The orc warrior hits you with a +0 battleaxe.
You die...

#...#............# #......#
#'###...########## ####...#
#...###'.........# #...#
#.......#.#.#.##..# #...#
#.......######.# #########
#.......#.#.#.## #........
#.......##.#.## ##....####
#.......#.#### #.....#
######..##@# ##....#
#...##..#!o# #....#
#.......##.. ##....####
#........#########.........
#..>............#[.....####
#...............#......#
#...............+......#
#...............#......#
#...............#......#


You could see an orc warrior.

Vanquished Creatures
  A necrophage (D:3)
  An ogre (D:4)
  A water moccasin zombie (D:4)
  2 scorpions (D:4)
  An orc priest (D:3)
  An orc wizard (D:3)
  An adder (D:2)
  2 gnolls (D:4)
  A howler monkey skeleton (D:4)
  2 ufetubi (D:4)
  3 worms (D:2)
  3 dart slugs
  3 orcs (D:3)
  8 endoplasms
  2 giant cockroaches (D:4)
  7 goblins
  5 hobgoblins
  4 quokkas
  5 ball pythons
  3 bats
  2 frilled lizards (D:3)
  9 kobolds
  2 rats (D:2)
69 creatures vanquished.

Notes
Turn   | Place    | Note
-------+----------+-------------------------------------------
     0 | D:1      | HoaS the Gargoyle Gladiator began the quest for the Orb.
     0 | D:1      | Reached XP level 1. HP: 12/12 MP: 1/1
   420 | D:1      | Reached XP level 2. HP: 7/17 MP: 2/2
   801 | D:1      | Found a faded altar of an unknown god.
  1192 | D:2      | Reached skill level 4 in Staves
  1337 | D:2      | Reached XP level 3. HP: 21/21 MP: 3/3
  2365 | D:3      | Reached XP level 4. HP: 18/26 MP: 2/4
  2373 | D:3      | Reached skill level 5 in Staves
  2585 | D:3      | Reached XP level 5. HP: 30/30 MP: 5/5
  2616 | D:3      | Noticed a necrophage
  2630 | D:3      | Killed a necrophage
  2631 | D:3      | Reached skill level 6 in Staves
  3314 | D:4      | Noticed an ogre
  3344 | D:4      | Reached XP level 6. HP: 18/35 MP: 3/6
  3349 | D:4      | Reached skill level 7 in Staves
  3987 | D:4      | Found a bloodstained altar of Trog.
  4006 | D:4      | Reached XP level 7. HP: 37/40 MP: 5/7
  4718 | D:4      | Reached skill level 8 in Staves
  4746 | D:4      | Slain by an orc warrior

Illustrated notes

Levels and vault maps discovered:
D:1:      giann_wishing_wells, layout_basic, hellmonk_ecumenical_altar_zigzags,
          corexii_leaking_fountain
D:2:      layout_basic
D:3:      layout_basic
D:4:      layout_gridville, amcnicky_altar_gilded, serial_co_window_serial,
          co_window_paths_a, co_window_corner_a, co_window_corner_a,
          co_window_paths_a, co_window_paths_a, co_window_of_opportunity_b,
          co_window_2corner, co_window_broadway_a, co_window_of_opportunity_b,
          co_window_corner_ca, co_window_2corner, co_window_corner_b,
          co_window_4corner_b, glass_columns_a, minmay_small_thing

Skill      XL: |  1  2  3  4  5  6  7 |
---------------+----------------------+-----
Staves         | 4 5 6 7 8 |  8.1
Fighting       | |  2.1
Throwing       | |  1.7
Dodging        | |  2.4

Action                   |  1- 3 |  4- 6 |  7- 9 || total
-------------------------+-------+-------+-------++-------
Melee: Quarterstaff      |   113 |    91 |    61 ||   265
Throw: Throwing net      |       |     4 |     1 ||     5
  Use: Scroll            |     2 |     1 |       ||     3
Armor: Leather armour    |    37 |       |       ||    37
       Plate armour      |    12 |    50 |    28 ||    90
Dodge: Dodged            |    57 |    17 |    13 ||    87

Table legend: (Time is in decaauts)
 A = Elapsed time spent in this place.
 B = Non-inter-level travel time spent in this place.
 C = Inter-level travel time spent in this place.
 D = Time resting spent in this place.
 E = Time spent auto-exploring this place.
 F = Levels seen in this place.
 G = Mean time per level.
                   A        B        C        D        E       F      G
               +--------+--------+--------+--------+--------+-----+--------+
         Total |   4748 |   4590 |    158 |   1292 |   2743 |   4 | 1187.0 |
       Dungeon |   4748 |   4590 |    158 |   1292 |   2743 |   4 | 1187.0 |
               +--------+--------+--------+--------+--------+-----+--------+

Top non-repeatable levels by time:
     D:4: 1467 daAuts
     D:1: 1181 daAuts
     D:3: 1108 daAuts
     D:2: 991 daAuts
